 Dungeon Crawl Stone Soup version 0.17-a0-725-gfa8c127 (webtiles) character file.

374824 xeno23 the Unseen (level 21, -1/171 HPs)
             Began as a Demonspawn Abyssal Knight on Apr 19, 2015.
             Was the Champion of Lugonu.
             Slain by a tengu reaver
             ... wielding a +2 great sword of slicing
              (4 damage)
             ... while paralysed by a sphinx
             ... on level 5 of the Vaults on Apr 20, 2015.
             The game lasted 09:10:27 (67157 turns).

xeno23 the Unseen (Demonspawn Abyssal Knight)      Turns: 67157, Time: 09:10:55

Health: -1/171     AC: 31    Str: 15    XL:     21   Next: 77%
Magic:  0/31       EV:  2    Int: 24    God:    Lugonu [******]
Gold:   1585       SH:  0    Dex: 32    Spells: 6 memorised, 9 levels left

rFire  + + +     SeeInvis +     m - +8 long sword of Obsession {speed, rPois Int+5}
rCold  + . .     Clarity  .     r - +1 ring mail of Insatiable Hunger {rElec rF+ Int+3 Slay+2}
rNeg   . . .     SustAb   .     l - +3 buckler {rC+ rF+}
rPois  +         Gourm    .     t - +3 crown of Dyrovepreva {rElec Int+2 SInv}
rElec  +         Spirit   +     O - +2 cloak
rCorr  .         Warding  .     U - +2 pair of fencer's gloves {LBl+4 SBl+4 EV+3 Dex+6}
rMut   .         Stasis   .     k - +2 pair of boots of the Assassin {Stlth++}
MR     +....                    v - amulet of regeneration
Stlth  ++++......               V - +6 ring of protection
                                M - +4 ring of dexterity

@: confused, paralysed, lethally poisoned (-1 -> -1), regenerating, slowed,
drained, somewhat resistant to hostile enchantments, stealthy
A: horns 2, slimy green scales 3, see invisible, agile 1, fire resistance 1,
ignite blood, magic shield, magic regeneration, magic link, flame cloud immunity
a: Depart the Abyss, Bend Space, Banish, Corrupt, Enter the Abyss, Renounce
Religion
}: 2/15 runes: decaying, gossamer


You were on level 5 of the Vaults.
You worshipped Lugonu.
Lugonu was exalted by your worship.
You were hungry.

You visited 8 branches of the dungeon, and saw 46 of its levels.
You visited the Abyss 2 times.
You also visited: Trove, Sewer, Ice Cave and Volcano.

You collected 5463 gold pieces.
You spent 3878 gold pieces at shops.

Inventory:

Hand weapons
 b - the +6 arbalest "Hellfire" {hellfire, rF++ rC- MR+}
   (You found it in a treasure trove)

   It greatly protects you from fire.
   It makes you vulnerable to cold.
   It affects your resistance to hostile enchantments.
 m - the +8 long sword of Obsession (weapon) {speed, rPois Int+5}
   (You took it off a deep elf death mage on level 3 of the Elven Halls)

   Attacks with this weapon are significantly faster.
   It affects your intelligence (+5).
   It protects you from poison.
 S - the +10 blowgun of Resourcefulness {evade, MR+ Str+2}
   (You bought it in a shop on level 3 of the Vaults)

   It affects your evasion (+5 to EV).
   It affects your strength (+2).
   It affects your resistance to hostile enchantments.
Missiles
 j - 5 throwing nets (quivered)
 I - 16 curare-tipped needles
Armour
 k - the +2 pair of boots of the Assassin (worn) {Stlth++}
   (You found it on level 4 of the Vaults)

   It makes you much more stealthy.
 l - a +3 buckler of resistance (worn)
 r - the +1 ring mail of Insatiable Hunger (worn) {rElec rF+ Int+3 Slay+2}
   (You took it off a deep elf high priest on level 3 of the Elven Halls)

   It affects your intelligence (+3).
   It affects your accuracy and damage with ranged weapons and melee attacks
   (+2).
   It protects you from fire.
   It insulates you from electricity.
 t - the +3 crown of Dyrovepreva (worn) {rElec Int+2 SInv}
   (You bought it in a shop on level 4 of the Orcish Mines)

   It affects your intelligence (+2).
   It insulates you from electricity.
   It enhances your eyesight.
 B - a gold dragon hide
 G - a storm dragon hide
 L - a +2 large shield
 O - a +2 cloak (worn)
 R - the cursed -3 large shield "Gukhy" {rN++ Int-5, unknown}
   (You found it on level 5 of the Vaults)

   It affects your intelligence (-5).
   It greatly protects you from negative energy.
   It has a curse placed upon it.
 U - the +2 pair of fencer's gloves (worn) {LBl+4 SBl+4 EV+3 Dex+6}
   (You acquired it on level 6 of the Lair of Beasts)

   It affects your evasion (+3).
   It affects your dexterity (+6).
Rods
 E - a +3 rod of clouds (9/9)
   (You found it on level 3 of the Elven Halls)
Jewellery
 v - an amulet of regeneration (around neck)
 M - a +4 ring of dexterity (left hand)
 V - a +6 ring of protection (right hand)
 X - the amulet of Lugonu's Favour {rMut Int+4}
   (You took it off a deep elf blademaster on level 3 of the Elven Halls)

   [amulet of resist mutation]

   It protects you from mutation.
   It affects your intelligence (+4).
Magical devices
 f - a wand of enslavement (12)
 g - a wand of paralysis (13)
 D - a wand of disintegration (11)
 P - a wand of digging (12)
 W - a wand of teleportation (5)
Scrolls
 c - 11 scrolls of teleportation
 d - 22 scrolls of remove curse
 s - 2 scrolls of silence
 u - 7 scrolls of fear
 x - 7 scrolls of identify
 y - 2 scrolls of magic mapping
 z - 3 scrolls of fog
 A - a scroll of blinking
 C - 4 scrolls of immolation
 Y - a scroll of recharging
Potions
 a - 3 potions of might
 e - 9 potions of heal wounds
 h - 9 potions of brilliance
 i - 4 potions of restore abilities
 n - 4 potions of magic
 o - 6 potions of berserk rage
 q - 15 potions of curing
 F - 7 potions of haste
 H - 4 potions of resistance
 J - 3 potions of flight
 N - a potion of agility
 T - 3 potions of invisibility
Miscellaneous
 w - a phial of floods
 Q - a sack of spiders {used: 4}
Comestibles
 p - 16 meat rations
 K - 3 fruits


   Skills:
 * Level 16.0(15.0) Fighting
   Level 8.2(13.8) Short Blades
 - Level 11.1(15.1) Long Blades
 + Level 10.5(9.6) Armour
 + Level 13.2(12.2) Dodging
 + Level 17.7(16.6) Stealth
 - Level 4.5(3.7) Shields
 - Level 7.2(6.4) Spellcasting
 * Level 13.8(12.9) Hexes
 - Level 3.1(2.4) Charms
 - Level 8.5(7.7) Necromancy
 * Level 3.5(2.7) Translocations
 - Level 10.6(9.7) Invocations
 - Level 11.4(10.5) Evocations


You had 9 spell levels left.
You knew the following spells:

 Your Spells              Type           Power        Failure   Level  Hunger
a - Invisibility          Hex            ######..     12%         6    ######.
c - Spectral Weapon       Hex/Chrm       #####...     1%          3    None
d - Mass Confusion        Hex            ######....   12%         6    ######.
f - Phase Shift           Tloc           ###.......   96%         5    #####..
t - Regeneration          Chrm/Necr      ####......   6%          3    None
v - Swiftness             Chrm/Air       ##......     14%         2    None


Dungeon Overview and Level Annotations

Branches:
Dungeon (15/15)            Temple (1/1) D:4            Lair (8/8) D:8
  Swamp (5/5) Lair:4       Spider (5/5) Lair:3        Slime (0/6) Lair:6
    Orc (4/4) D:11            Elf (3/3) Orc:4        Vaults (5/5) D:14
  Crypt (0/3) Vaults:2     Depths (0/5) D:15

Altars:
Ashenzari
Cheibriados
Dithmenos
Elyvilon
Fedhas
Gozag
Kikubaaqudgha
Makhleb
Nemelex Xobeh
Okawaru
Qazlal
Ru
Sif Muna
Trog
Vehumet
Xom
Yredelemnul
Zin
The Shining One
Beogh
Jiyva
Lugonu

Shops:
D:10 (   D:11 (!%   Orc:1 *   Orc:4 (?:*[   Vaults:3 (   Vaults:4 ?


Innate Abilities, Weirdness & Mutations

You have a pair of horns on your head.
You are completely covered in slimy green scales (AC +4, rPois).
Your flesh is heat resistant.
Your demonic aura causes spilled blood to erupt in flames.
When hurt, damage is shared between your health and your magic reserves.
You regenerate magic rapidly.
When low on magic, you restore magic in place of health.
You are immune to clouds of flame.
You have supernaturally acute eyesight.
You are agile. (Dex +2)


Message History

* * * LOW HITPOINT WARNING * * *
x2 The tengu reaver pecks you but does no damage.
The tengu reaver claws you but does no damage.
The sphinx is engulfed in roaring flames.
The sphinx hits you.
* * * LOW HITPOINT WARNING * * *
The sphinx hits you but does no damage. x2
The tengu reaver completely misses you.
The tengu reaver pecks you but does no damage.
The tengu reaver claws you but does no damage.
The ettin hits you with a dire flail!!!
* * * LOW HITPOINT WARNING * * *
The ettin hits you but does no damage.
The sphinx is engulfed in roaring flames.
The sphinx mumbles some strange words.
You are confused.
The deep elf demonologist hits you but does no damage.
The tengu reaver hits you with a great sword of slicing!
* * * LOW HITPOINT WARNING * * *
You die...

...........
e..............
#..#.#.#.#.#.#..#
.................
......§...... ..
{#.#.#)#.#.# . ...
{#.........# ......
..#..###H..?.?...###..#..
.......C@.#####..........
..#..#§QQe# #....#..#..
.....*.$+ {{#..........
#..#...)# #....#..#..
........*#####..........
#..###...[.....###..#..
.. #.........#.......
#.#.#.#.#.#.......
...............#..


You could see a sphinx, 2 tengu reavers, an ettin and a deep elf demonologist.

Vanquished Creatures
  Mennas (Vaults:4)
  Nikola (Vaults:3)
  A golden dragon (Vaults:5)
  Jory (Vaults:3)
  Xtahua (Vaults:3)
  Jorgrun (Elf:3)
  A tentacled monstrosity (Vaults:5)
  Rupert (Orc:4)
  A titan (Vaults:5)
  3 deep elf blademasters
  A quicksilver dragon (Vaults:5)
  2 deep elf master archers (Elf:3)
  A sphinx (Vaults:5)
  Gastronok (Lair:3)
  Agnes (Spider:1)
  A thorn hunter (Swamp:3)
  2 shadow dragons (Vaults:5)
  Roxanne (Swamp:5)
  A fire giant (Vaults:3)
  Donald (Orc:4)
  Maud (D:11)
  3 vault wardens
  6 deep elf sorcerers (Elf:3)
  7 emperor scorpions (Spider:5)
  5 ghost moths
  Aizul (Vaults:4)
  A frost giant (Vaults:4)
  3 stone giants
  2 very ugly things
  8 ironheart preservers
  4 deep elf demonologists
  12 deep elf annihilators
  A spectral weapon (Elf:3)
  6 ettins
  5 fire dragons
  25 vault guards
  5 entropy weavers
  10 deep elf death magi
  5 ogre magi
  4 great orbs of eyes
  An ice dragon (Vaults:3)
  5 yaktaur captains
  27 hydras
  3 deep elf high priests
  Harold (D:10)
  A ghost crab (Swamp:5)
  2 catoblepae
  A rakshasa (Vaults:2)
  3 salamander stormcallers
  6 centaur warriors
  15 dancing weapons (Elf:2)
  2 alligators
  A deep troll shaman (Vaults:2)
  22 death yaks
  A deep troll earth mage (Vaults:3)
  22 deep elf knights
  A fire crab (shapeshifter) (D:15)
  Sonja (Orc:3)
  Nergalle (Orc:3)
  4 fire crabs
  3 spriggans
  4 skeletal warriors (Vaults:2)
  A shadow wraith (Vaults:5)
  3 giant orange brains
  2 spriggan druids (Swamp:5)
  9 deep trolls
  A harpy (shapeshifter) (D:13)
  6 ironbrand convokers
  3 unseen horrors
  15 deep elf summoners
  6 swamp dragons
  4 hill giants
  An ice statue (IceCv)
  A tengu zombie (Vaults:4)
  2 shambling mangroves
  4 flayed ghosts
  31 wolf spiders
  2 phantasmal warriors (Vaults:4)
  14 deep elf conjurers
  9 hornets
  6 orc knights
  A necromancer (Vaults:4)
  16 orb spiders
  21 ugly things
  2 orc sorcerers
  A shining eye (shapeshifter) (Elf:1)
  4 harpies (Vaults:3)
  12 cyclopes
  3 moths of wrath
  6 griffons
  A sphinx skeleton (Vaults:2)
  A black mamba (shapeshifter) (D:15)
  An octopode (shapeshifter) (Elf:2)
  A salamander (shapeshifter) (Elf:3)
  3 manticores
  A fire giant skeleton (Vaults:2)
  3 black mambas
  3 wizards
  4 frost giant skeletons
  Maurice (Orc:3)
  7 vault sentinels
  6 human skeletons
  A guardian serpent (shapeshifter) (D:8)
  16 elephants
  A spiny frog (shapeshifter) (Vaults:1)
  6 kobold demonologists
  2 torpor snails
  A molten gargoyle (Volcano)
  A queen ant (Spider:4)
  2 yaktaur zombies (Vaults:4)
  10 komodo dragons
  30 spiny frogs
  35 yaktaurs
  7 fire drakes (Swamp:5)
  4 gargoyles
  A human zombie (Vaults:4)
  An efreet (D:13)
  A harpy zombie (D:15)
  2 freezing wraiths
  2 komodo dragons (shapeshifter)
  14 demonic crawlers
  2 yaktaur skeletons (Vaults:2)
  9 trolls
  3 fire vortices (Vaults:1)
  14 deep elf priests
  20 jumping spiders
  16 slime creatures
  A blue devil (Elf:3)
  19 polar bears
  A harpy skeleton (D:15)
  9 giant leeches
  12 blink frogs
  A troll (shapeshifter) (D:15)
  A wind drake (shapeshifter) (D:15)
  11 ravens
  11 two-headed ogres
  8 bog bodies
  A raven (shapeshifter) (D:14)
  6 boulder beetles
  A wolf spider simulacrum (Vaults:1)
  A hornet zombie (D:15)
  3 baby alligators (Swamp:5)
  A fire giant simulacrum (Vaults:4)
  33 tarantellas
  19 trapdoor spiders
  A centaur simulacrum (D:14)
  55 redbacks
  An ettin skeleton (Vaults:2)
  3 water elementals (D:15)
  3 shadows
  A fire elemental (Volcano)
  83 yaks
  6 wraiths
  34 deep elf magi
  2 basilisks
  2 wyverns
  11 hippogriffs
  4 fire bats (Swamp:5)
  A steam dragon (shapeshifter) (D:13)
  3 hippogriffs (shapeshifter)
  37 deep elf fighters
  54 vampire mosquitoes
  A salamander skeleton (Vaults:4)
  8 porcupines
  29 swamp worms
  5 wargs
  12 insubstantial wisps
  26 water moccasins
  A soldier ant (shapeshifter) (Vaults:4)
  A hungry ghost (D:12)
  2 mottled dragons (Swamp:5)
  26 wolves
  9 swamp drakes
  11 ice beasts
  29 spiders
  A necrophage (D:12)
  4 wasps
  A black bear (shapeshifter) (Elf:2)
  13 soldier ants (Spider:4)
  5 boggarts (Vaults:3)
  5 black bears
  28 orc warriors
  2 phantoms
  28 ogres
  3 sky beasts
  An orc skeleton (Vaults:2)
  26 giant frogs
  5 boring beetles
  4 brain worms
  24 crocodiles
  20 big kobolds
  20 centaurs
  2 wyvern zombies
  15 scorpions
  A wyvern skeleton (D:8)
  19 killer bees
  4 jellies
  9 wights
  5 electric eels
  9 crimson imps
  2 centaur zombies
  2 giant frog zombies
  3 hounds
  A lava snake (Swamp:5)
  Crazy Yiuf (D:6)
  A human simulacrum (Vaults:4)
  A quasit (D:8)
  6 centaur skeletons
  2 giant frog skeletons
  13 iguanas
  36 orc priests
  A hell rat (Elf:1)
  41 orc wizards
  21 sheep
  28 worker ants
  A killer bee zombie (D:7)
  A hound zombie (D:6)
  2 hound skeletons
  2 worker ant zombies
  14 adders
  8 gnolls
  75 river rats
  3 shadow imps
  4 oozes
  An adder skeleton (D:4)
  4 worms
  214 orcs
  12 bats
  8 giant cockroaches
  20 hobgoblins
  44 kobolds
  8 quokkas
  A ball python (D:2)
  7 giant geckos
  2 giant newts
  A giant spore (D:7)
  25 goblins
  16 jackals
  A quokka zombie (D:8)
  19 rats
  3 spectral orcs (Orc:3)
  3 ballistomycetes
  A briar patch (Swamp:3)
  3 butterflies
  2 crawling corpses (Vaults:5)
  2 fungi
2204 creatures vanquished.

Vanquished Creatures (collateral kills)
  The ghost of Armakuni the Fencer, a mighty HuFi of the Shining One (IceCv)
  A frost giant (IceCv)
  A wolf spider (Spider:5)
  A lindwurm (IceCv)
  A polar bear (IceCv)
  A redback (Elf:1)
  4 yaks (IceCv)
  A wolf (IceCv)
  2 orc wizards (Orc:4)
  2 orcs (Orc:4)
15 creatures vanquished.

Vanquished Creatures (others)
  A deep elf high priest (Elf:3)
  Josephine (Lair:4)
  A hydra (Lair:2)
  A catoblepas (Lair:8)
  2 death yaks
  8 spectral weapons
  A titan zombie (Vaults:4)
  A lindwurm (Swamp:5)
  A necromancer (Vaults:4)
  A swamp dragon (Swamp:5)
  4 ugly things (Vaults:1)
  A spiny frog (Swamp:1)
  2 komodo dragons
  A fire drake (Swamp:5)
  A two-headed ogre (D:8)
  2 yaktaurs (Vaults:1)
  2 water elementals (Spider:5)
  A jumping spider (Spider:5)
  A boulder beetle (Lair:8)
  4 trapdoor spiders
  3 redbacks
  A wyvern (D:8)
  A yak (Lair:8)
  A steam dragon (Swamp:5)
  A wolf (IceCv)
  A basilisk (Lair:2)
  A vampire mosquito (Vaults:3)
  A swamp drake (Swamp:5)
  A sky beast (D:7)
  An orc warrior (D:7)
  An ogre (Vaults:4)
  A lost soul (Elf:3)
  A boring beetle (Lair:4)
  A worker ant (Spider:4)
  A giant spore (D:11)
  A ballistomycete (D:11)
  3 butterflies (Elf:1)
  17 fungi
  26 plants
101 creatures vanquished.

Grand Total: 2320 creatures vanquished

Notes
Turn   | Place    | Note
--------------------------------------------------------------
     0 | Abyss:1  | xeno23, the Demonspawn Abyssal Knight, began the quest for the Orb.
     0 | Abyss:1  | Reached XP level 1. HP: 18/18 MP: 2/2
    83 | Abyss:1  | Found a corrupted altar of Lugonu.
   157 | Abyss:1  | Noticed a worldbinder
   165 | Abyss:1  | Noticed a large abomination
   177 | D:1      | Escaped the Abyss
   437 | D:1      | Acquired Lugonu's first power
   438 | D:1      | Reached skill level 1 in Dodging
   537 | D:1      | Gained mutation: You are partially covered in slimy green scales (AC +2). [demonic ancestry]
   537 | D:1      | Reached XP level 2. HP: 18/24 MP: 3/3
  1252 | D:2      | Reached XP level 3. HP: 13/29 MP: 4/4
  1622 | D:2      | Acquired Lugonu's second power
  2190 | D:3      | Gained mutation: You are mostly covered in slimy green scales (AC +3). [demonic ancestry]
  2190 | D:3      | Reached XP level 4. HP: 36/36 MP: 6/6
  2307 | D:3      | Reached skill level 1 in Stealth
  2513 | D:3      | Reached XP level 5. HP: 14/42 MP: 7/7
  3144 | D:4      | Noticed an ogre
  3179 | D:4      | Reached skill level 4 in Invocations
  3400 | D:4      | Killed an ogre
  3400 | D:4      | Reached XP level 6. HP: 24/48 MP: 9/9
  3695 | D:4      | Acquired Lugonu's third power
  3909 | D:4      | Paralysed by a kobold for 3 turns
  3915 | D:4      | Paralysed by a kobold for 6 turns
  3978 | D:4      | Found a staircase to the Ecumenical Temple.
  3988 | Temple   | Entered the Ecumenical Temple
  4386 | D:4      | Reached skill level 5 in Invocations
  4692 | D:5      | Entered Level 5 of the Dungeon
  4961 | D:5      | Reached XP level 7. HP: 43/55 MP: 11/11
  5005 | D:5      | Reached skill level 1 in Evocations
  5748 | D:5      | Acquired Lugonu's fourth power
  6317 | D:5      | Reached skill level 6 in Invocations
  6906 | D:6      | Reached XP level 8. HP: 61/61 MP: 12/12
  7010 | D:6      | Found a glowing drain.
  7040 | Sewer    | Entered a sewer
  7196 | Sewer    | Found a glowing silver altar of Zin.
  7619 | D:6      | Reached skill level 1 in Short Blades
  7795 | D:6      | Noticed Crazy Yiuf
  7805 | D:6      | Killed Crazy Yiuf
  7952 | D:7      | Reached skill level 7 in Invocations
  8270 | D:7      | Reached skill level 1 in Shields
  8298 | D:7      | Found a sacrificial altar of Ru.
  8467 | D:7      | Reached skill level 5 in Fighting
  8922 | D:7      | Reached skill level 5 in Stealth
  8922 | D:7      | Gained mutation: Your flesh is heat resistant. [demonic ancestry]
  8922 | D:7      | Reached XP level 9. HP: 25/68 MP: 14/14
  9265 | D:7      | Reached skill level 8 in Invocations
  9974 | D:8      | Found a staircase to the Lair.
 10089 | D:8      | Reached skill level 5 in Evocations
 10138 | D:8      | Acquired Lugonu's fifth power
 10677 | D:8      | Reached skill level 9 in Invocations
 10849 | D:8      | Noticed a white ugly thing
 10857 | D:8      | Killed a white ugly thing
 10857 | D:8      | Reached XP level 10. HP: 27/74 MP: 14/16
 11251 | D:8      | Noticed a guardian serpent
 11263 | D:8      | Killed a guardian serpent
 11403 | D:8      | Paralysed by a wasp for 3 turns
 11711 | D:8      | HP: 1/74 [wyvern (17)]
 12016 | Lair:1   | Entered Level 1 of the Lair of Beasts
 12936 | Lair:1   | Reached skill level 5 in Dodging
 13012 | Lair:1   | Reached skill level 10 in Invocations
 13112 | Lair:1   | Learned a level 6 spell: Invisibility
 13308 | Lair:2   | Noticed an eight-headed hydra
 13317 | Lair:2   | Killed an eight-headed hydra
 13317 | Lair:2   | Reached skill level 5 in Short Blades
 13317 | Lair:2   | Reached skill level 1 in Hexes
 13317 | Lair:2   | Gained mutation: You have a pair of small horns on your head. [demonic ancestry]
 13317 | Lair:2   | Reached XP level 11. HP: 29/80 MP: 18/18
 14032 | Lair:2   | Noticed a four-headed hydra
 14034 | Lair:2   | Banished a four-headed hydra
 15131 | Lair:3   | Noticed Gastronok
 15971 | Lair:4   | HP: 4/80 [poisoned by a spiny frog]
 15977 | Lair:4   | HP: 4/80 [poisoned by a spiny frog]
 15985 | Lair:4   | HP: 4/80 [poisoned by a spiny frog]
 16315 | Lair:4   | Noticed Josephine
 16391 | Lair:4   | Gained mutation: You are immune to clouds of flame. [demonic ancestry]
 16391 | Lair:4   | Reached XP level 12. HP: 49/86 MP: 8/19
 16943 | Lair:4   | Reached skill level 5 in Hexes
 17381 | Lair:4   | Killed Josephine
 17542 | Lair:4   | Noticed a six-headed hydra
 17550 | Lair:4   | Killed a six-headed hydra
 18564 | Lair:4   | Found a staircase to the Swamp.
 18787 | Lair:4   | Upgraded the game from 0.17-a0-702-gb3a3556 to 0.17-a0-725-gfa8c127
 18805 | Lair:3   | Reached skill level 10 in Stealth
 19456 | Lair:3   | Killed Gastronok
 19647 | Lair:3   | Found a hole to the Spider Nest.
 20035 | Lair:3   | Reached XP level 13. HP: 40/91 MP: 10/20
 21897 | Lair:6   | Identified a scroll of acquirement
 22026 | Lair:6   | Reached skill level 11 in Stealth
 22209 | Lair:6   | Reached skill level 10 in Evocations
 22459 | Lair:6   | Found a staircase to the Slime Pits.
 22459 | Lair:6   | Found a viscous altar of Jiyva.
 24011 | Lair:8   | Entered Level 8 of the Lair of Beasts
 24959 | Lair:8   | Reached XP level 14. HP: 99/101 MP: 21/21
 25544 | Lair:8   | Reached skill level 12 in Stealth
 28600 | Lair:5   | Reached skill level 10 in Hexes
 29753 | D:9      | Found a shadowy altar of Dithmenos.
 29784 | D:10     | Entered Level 10 of the Dungeon
 30410 | D:10     | Noticed Harold
 30451 | D:10     | Killed Harold
 30653 | D:10     | Found Siat's Antique Weapon Shoppe.
 30798 | D:11     | Noticed Maud
 30806 | D:11     | Killed Maud
 30806 | D:11     | Gained mutation: Your demonic aura causes spilled blood to erupt in flames. [demonic ancestry]
 30806 | D:11     | Reached XP level 15. HP: 112/112 MP: 23/23
 30856 | D:11     | Found a corrupted altar of Lugonu.
 30865 | D:11     | Reached skill level 13 in Stealth
 31095 | D:11     | Found a staircase to the Lair.
 31385 | D:11     | Found Eliuset's Food Shop.
 31517 | D:11     | Found Rufocle's Distillery.
 31525 | D:11     | Bought a potion of poison for 14 gold pieces
 31525 | D:11     | Bought a potion of might for 56 gold pieces
 31618 | D:11     | Found Feyqi's Weapon Boutique.
 31761 | D:11     | Found a staircase to the Orcish Mines.
 32239 | Orc:1    | Entered Level 1 of the Orcish Mines
 32471 | Orc:1    | Found Omuo's General Store.
 32655 | Orc:2    | Found a dark tunnel.
 32660 | Volcano  | Entered a volcano
 33321 | Orc:2    | Found a roughly hewn altar of Beogh.
 34005 | Orc:3    | Noticed Sonja
 34017 | Orc:3    | Killed Sonja
 34204 | Orc:3    | Noticed Nergalle
 34250 | Orc:3    | Killed Nergalle
 34363 | Orc:3    | Noticed Maurice
 34453 | Orc:3    | Killed Maurice
 34877 | Orc:4    | Entered Level 4 of the Orcish Mines
 34883 | Orc:4    | Noticed Donald
 34887 | Orc:4    | Found a frozen archway.
 34891 | Orc:4    | Killed Donald
 35077 | IceCv    | Entered an ice cave
 35722 | IceCv    | Noticed Armakuni's ghost (mighty HuFi)
 35734 | IceCv    | Killed Armakuni's ghost
 35774 | IceCv    | Reached skill level 10 in Fighting
 36068 | IceCv    | Got a pitted battleaxe
 36070 | IceCv    | Got a warped battleaxe
 36137 | IceCv    | Identified the cursed +0 battleaxe of the Manifold Tales {flame, rElec rN+} (You found it in an ice cave)
 36139 | IceCv    | Identified the +5 battleaxe of Risenwipey {speed, MR+ Int-3 Dex+6} (You found it in an ice cave)
 36417 | Orc:4    | Found Nomuhott's Antique Armour Boutique.
 36687 | Orc:4    | Found a staircase to the Elven Halls.
 36701 | Orc:4    | Noticed Rupert
 36710 | Orc:4    | Killed Rupert
 36736 | Orc:4    | Found Wufilet's Book Emporium.
 36982 | Orc:4    | Found Ygeleg's Antique Weapon Emporium.
 37027 | Orc:4    | Found Daelenox's Magic Scroll Shoppe.
 37087 | Orc:4    | Found Antav's General Store.
 38034 | Elf:1    | Entered Level 1 of the Elven Halls
 38302 | Elf:1    | Reached skill level 14 in Stealth
 38317 | Elf:1    | Gained mutation: You are completely covered in slimy green scales (AC +4, rPois). [demonic ancestry]
 38317 | Elf:1    | Reached XP level 16. HP: 65/124 MP: 18/24
 39606 | Elf:2    | Found a runed gate.
 39606 | Elf:2    | Found a runed gate.
 39612 | Elf:2    | Found a runed gate.
 40822 | Elf:2    | Gained mutation: You are dopey. (Int -2) [mutagenic glow]
 41256 | Elf:2    | Reached skill level 5 in Long Blades
 41309 | Elf:2    | Reached skill level 10 in Dodging
 41570 | Elf:2    | Noticed a deep elf blademaster
 41587 | Elf:2    | Killed a deep elf blademaster
 42103 | Orc:4    | Bought the +3 crown of Dyrovepreva {rElec Int+2 SInv} for 1076 gold pieces
 42201 | Orc:4    | Bought a phial of floods for 600 gold pieces
 42236 | Orc:4    | Bought a book of Battle for 520 gold pieces
 42478 | Lair:1   | Learned a level 3 spell: Spectral Weapon
 42482 | Lair:1   | Learned a level 3 spell: Regeneration
 42505 | Lair:1   | Lost mutation: You are dopey. (Int -2) [potion of cure mutation]
 42640 | Spider:1 | Entered Level 1 of the Spider Nest
 43000 | Spider:1 | Noticed Agnes
 43008 | Spider:1 | Killed Agnes
 43008 | Spider:1 | Reached skill level 1 in Necromancy
 43075 | Spider:1 | Reached skill level 1 in Charms
 43282 | Spider:1 | Gained mutation: When hurt, damage is shared between your health and your magic reserves. [demonic ancestry]
 43282 | Spider:1 | Reached XP level 17. HP: 90/133 MP: 20/25
 43932 | Spider:2 | Reached skill level 15 in Stealth
 44765 | Spider:3 | Got a scorched scimitar
 45637 | Spider:4 | Reached skill level 1 in Spellcasting
 46048 | Spider:4 | Identified the +1 scimitar of Doom {antimagic, Str+2} (You found it on level 3 of the Spider Nest)
 46073 | Spider:5 | Entered Level 5 of the Spider Nest
 46149 | Spider:5 | Got a shimmering ring mail
 46171 | Spider:5 | Identified the +1 ring mail "Zemn" {rPois rF+ rN+ Stlth+} (You found it on level 5 of the Spider Nest)
 46232 | Spider:5 | Reached skill level 5 in Necromancy
 47519 | Spider:5 | HP: 6/135 [poisoned by an emperor scorpion]
 47524 | Spider:5 | HP: 6/135 [poisoned by an emperor scorpion]
 47738 | Spider:5 | Reached XP level 18. HP: 142/142 MP: 23/26
 47858 | Spider:5 | Got a gossamer rune of Zot
 48224 | Lair:1   | Gained mutation: You are somewhat resistant to further mutation. [potion of mutation]
 48224 | Lair:1   | Gained mutation: You expend magic power (3 MP) to strengthen your wands. [potion of mutation]
 48225 | Lair:1   | Lost mutation: You expend magic power (3 MP) to strengthen your wands. [potion of cure mutation]
 48225 | Lair:1   | Lost mutation: You are somewhat resistant to further mutation. [potion of cure mutation]
 48226 | Lair:1   | Gained mutation: You are resistant to hostile enchantments. [potion of mutation]
 48226 | Lair:1   | Gained mutation: You are weak. (Str -2) [potion of mutation]
 48226 | Lair:1   | Gained mutation: You have large cloven feet. [potion of mutation]
 48229 | Lair:1   | Lost mutation: You have large cloven feet. [potion of cure mutation]
 48229 | Lair:1   | Lost mutation: You are weak. (Str -2) [potion of cure mutation]
 48229 | Lair:1   | Lost mutation: You are resistant to hostile enchantments. [potion of cure mutation]
 48231 | Lair:1   | Gained mutation: You are agile. (Dex +2) [potion of beneficial mutation]
 48232 | Lair:1   | Gained mutation: You have supernaturally acute eyesight. [potion of beneficial mutation]
 48387 | Swamp:1  | Entered Level 1 of the Swamp
 49177 | Swamp:2  | Reached skill level 5 in Spellcasting
 50358 | Swamp:3  | Found a basalt altar of Yredelemnul.
 50740 | Swamp:4  | Reached skill level 16 in Stealth
 51465 | Swamp:5  | Entered Level 5 of the Swamp
 52180 | Swamp:5  | Noticed Roxanne
 52205 | Swamp:5  | Killed Roxanne
 52207 | Swamp:5  | Identified Roxanne's Incunabulum of the Shifting Rocks (You took it off Roxanne on level 5 of the Swamp)
 52290 | Swamp:5  | Got a decaying rune of Zot
 53150 | Elf:3    | Entered Level 3 of the Elven Halls
 53519 | Elf:3    | Gained mutation: You have a pair of horns on your head. [demonic ancestry]
 53519 | Elf:3    | Reached XP level 19. HP: 134/151 MP: 24/28
 53813 | Elf:3    | Got a shimmering long sword
 54055 | Elf:3    | Noticed Jorgrun
 54068 | Elf:3    | Killed Jorgrun
 54072 | Elf:3    | Reached skill level 10 in Long Blades
 54093 | Elf:3    | Got a transparent ring mail
 54488 | Elf:3    | Identified the cursed +1 ring mail of Insatiable Hunger {rElec rF+ Int+3 Slay+2} (You took it off a deep elf high priest on level 3 of the Elven Halls)
 54551 | Elf:3    | Identified the +8 long sword of Obsession {speed, rPois Int+5} (You took it off a deep elf death mage on level 3 of the Elven Halls)
 54715 | Elf:3    | Got a twitching crystal amulet
 54725 | Elf:3    | Identified the amulet of Lugonu's Favour {rMut Int+4} (You took it off a deep elf blademaster on level 3 of the Elven Halls)
 54728 | Elf:3    | Got a dazzling plate armour
 54754 | Elf:3    | Identified the Grimoire of Orientation
 54798 | Elf:3    | Identified the Papyrus of Battle Magic
 54830 | Elf:3    | Identified the +8 plate armour of Love and Death {rN+ Int+4} (You took it off a deep elf blademaster on level 3 of the Elven Halls)
 54904 | Elf:3    | Identified the Grimoire of Incorporation (You found it on level 3 of the Elven Halls)
 55439 | Lair:1   | Learned a level 2 spell: Swiftness
 55766 | D:12     | Identified a +3 rod of clouds (9/9) (You found it on level 3 of the Elven Halls)
 57623 | D:14     | Found a roughly hewn altar of Beogh.
 57788 | D:14     | Reached skill level 5 in Armour
 57801 | D:14     | Found a gate to the Vaults.
 58041 | D:14     | Found a blossoming altar of Fedhas.
 58229 | D:15     | Entered Level 15 of the Dungeon
 58236 | D:15     | Identified a +1 rod of the swarm (12/12) (You found it on level 15 of the Dungeon)
 58369 | D:15     | Found a staircase to the Depths.
 58378 | D:15     | Gained mutation: You regenerate magic rapidly. [demonic ancestry]
 58378 | D:15     | Reached XP level 20. HP: 159/159 MP: 29/29
 58845 | D:15     | Got a pair of bloodstained gloves
 59494 | Lair:1   | Identified the +1 pair of gloves of the Sunfish {-Tele rPois rCorr Dex+10} (You found it on level 15 of the Dungeon)
 59698 | Vaults:1 | Entered Level 1 of the Vaults
 59873 | Vaults:1 | You fall through a shaft!
 60243 | Vaults:2 | Found a staircase to the Crypt.
 60463 | Vaults:2 | Got a shimmering buckler
 60474 | Vaults:2 | Identified the cursed +0 buckler of Fashionability {rC+ rN+ rCorr} (You found it on level 2 of the Vaults)
 61341 | Vaults:1 | Paralysed by an ogre mage for 6 turns
 61595 | Vaults:1 | Reached skill level 17 in Stealth
 62406 | Vaults:3 | Found Cuif Seng's Antique Weapon Emporium.
 62412 | Vaults:3 | Bought a shimmering blowgun for 285 gold pieces
 62412 | Vaults:3 | Identified the +10 blowgun of Resourcefulness {evade, MR+ Str+2} (You bought it in a shop on level 3 of the Vaults)
 62458 | Vaults:3 | Cast into the Abyss (an ogre mage)
 62460 | Vaults:3 | Escaped the Abyss
 62500 | Vaults:3 | Noticed Xtahua
 62540 | Vaults:3 | Killed Xtahua
 62810 | Vaults:3 | Noticed Jory
 62842 | Vaults:3 | Killed Jory
 63109 | Vaults:3 | Noticed Nikola
 63123 | Vaults:3 | Killed Nikola
 63123 | Vaults:3 | Reached skill level 15 in Fighting
 63303 | Vaults:4 | Noticed Aizul
 63316 | Vaults:4 | Killed Aizul
 63498 | Vaults:4 | Gained mutation: When low on magic, you restore magic in place of health. [demonic ancestry]
 63498 | Vaults:4 | Reached XP level 21. HP: 130/168 MP: 25/31
 63692 | Vaults:4 | Noticed Mennas
 64545 | Vaults:4 | Found Seseuntua's Magic Scroll Shop.
 64600 | Vaults:4 | Killed Mennas
 64779 | Vaults:4 | Reached skill level 10 in Armour
 64783 | Vaults:4 | Found a portal to a secret trove of treasure.
 65890 | Orc:4    | Bought 2 scrolls of blinking for 210 gold pieces
 65909 | Orc:4    | Bought a book of Dreams for 975 gold pieces
 65916 | Orc:4    | Learned a level 5 spell: Phase Shift
 65923 | Orc:4    | Learned a level 6 spell: Mass Confusion
 66457 | Vaults:4 | Bought a scroll of blinking for 142 gold pieces
 66532 | Vaults:4 | You paid a toll of 5 scrolls of blinking to enter a treasure trove
 66533 | Trove    | Entered a treasure trove
 66648 | Vaults:5 | Entered Level 5 of the Vaults
 66666 | Vaults:5 | Reached skill level 1 in Translocations
 67063 | Vaults:5 | Got a faintly humming large shield
 67153 | Vaults:5 | Paralysed by a sphinx for 6 turns
 67157 | Vaults:5 | HP: 3/171 [tengu reaver/great sword of slicing (12)]
 67157 | Vaults:5 | Slain by a tengu reaver

Action                   |  1- 3 |  4- 6 |  7- 9 | 10-12 | 13-15 | 16-18 | 19-21 || total
-------------------------+-------+-------+-------+-------+-------+-------+-------++-------
Melee: Falchion          |   138 |   223 |   139 |       |       |       |       ||   500
       Dagger            |       |    26 |   877 |  2015 |  4958 |       |       ||  7876
       Great sword       |       |       |       |       |   151 |  1648 |   132 ||  1931
       Battleaxe         |       |       |       |       |    25 |       |       ||    25
       Long sword        |       |       |       |       |       |       |  1810 ||  1810
 Fire: Hunting sling     |       |    15 |    10 |       |       |       |       ||    25
       Blowgun           |       |       |       |       |       |     1 |       ||     1
Throw: Javelin           |       |       |     2 |    12 |     3 |     1 |       ||    18
       Throwing net      |       |       |       |       |       |     4 |       ||     4
 Cast: Invisibility      |       |       |       |       |       |    24 |     3 ||    27
       Spectral Weapon   |       |       |       |       |       |    12 |     2 ||    14
       Regeneration      |       |       |       |       |       |    48 |    31 ||    79
       Mass Confusion    |       |       |       |       |       |       |     5 ||     5
Invok: Depart the Abyss  |     1 |       |       |       |       |       |     1 ||     2
       Banish            |       |       |     3 |     6 |    10 |       |       ||    19
       Bend Space        |       |       |     1 |     1 |     8 |     2 |     5 ||    17
Evoke: Wand              |       |       |     1 |    41 |    14 |       |     2 ||    58
       Sack of spiders   |       |       |       |       |     3 |     1 |       ||     4
       Phial of floods   |       |       |       |       |       |     1 |       ||     1
       Box of beasts     |       |       |       |       |       |       |     2 ||     2
  Use: Scroll            |     4 |     8 |     4 |     6 |    15 |    23 |     9 ||    69
       Potion            |     1 |       |       |     2 |     3 |    10 |     1 ||    17
 Stab: Sleeping          |     1 |     4 |    17 |     7 |    66 |    68 |    55 ||   218
       Distracted        |       |     1 |     2 |     4 |    11 |    13 |    14 ||    45
       Paralysed         |       |       |       |     3 |       |       |       ||     3
       Petrified         |       |       |       |       |     1 |       |       ||     1
       Invisible         |       |       |       |       |       |   107 |    10 ||   117
       Held in net/web   |       |       |       |       |       |     4 |       ||     4
       Confused          |       |       |       |       |       |     4 |     8 ||    12
  Eat: Chunk             |     3 |     9 |    17 |    25 |    60 |    28 |    29 ||   171
       Beef jerky        |       |     1 |     1 |     2 |     2 |       |     3 ||     9
       Fruit             |       |       |     2 |     3 |     4 |     4 |     1 ||    14
       Bread ration      |       |       |     1 |       |       |     9 |     3 ||    13
       Pizza             |       |       |     1 |     1 |     1 |     3 |     1 ||     7
       Meat ration       |       |       |       |       |       |     3 |     1 ||     4
